 Dungeon Crawl Stone Soup version 0.30-a0-1053-gbd8d5ba0ad (webtiles) character file.

Game seed: 1368843602248853242

2893 bmack86 the Cleaver (level 9, -2/118 HPs)
             Began as a Minotaur Fighter on Apr 11, 2023.
             Was a Follower of Okawaru.
             Slain by a wight
             ... wielding a +1 spear of freezing
              (6 damage)
             ... on level 8 of the Dungeon.
             The game lasted 00:16:32 (5563 turns).

bmack86 the Cleaver (Minotaur Fighter)              Turns: 5563, Time: 00:16:33

Health: -2/118     AC: 17    Str: 25    XL:     9   Next: 48%
Magic:  3/3        EV: 22    Int:  5    God:    Okawaru [*.....]
Gold:   520        SH:  0    Dex: 10    Spells: 8/8 levels left

rFire   . . .      SeeInvis +    b - +8 Wrath of Trog {antimagic, *Rage Rampage}
rCold   . . .      Faith    .    (shield currently unavailable)
rNeg    . . .      Spirit   .    C - +0 plate armour
rPois   .          Reflect  .    (helmet restricted)
rElec   .          Rampage  +    (no cloak)
rCorr   .          Rage     50%  k - +2 pair of gloves
Will    .....                    z - +0 pair of boots Stlth
                                 t - amulet of the acrobat
HPRegen 0.39/turn                q - ring of see invisible
MPRegen 0.08/turn                (no ring)

@: berserking, acrobatic, very quick
A: horns 2, retaliatory headbutt
a: Renounce Religion, Heroism


You were on level 8 of the Dungeon.
You worshipped Okawaru.
Okawaru was aware of your devotion.
You visited 2 branches of the dungeon, and saw 9 of its levels.

You collected 574 gold pieces.
You spent 54 gold pieces at shops.

Inventory:

Hand Weapons
 a - a +1 war axe
 b - the +8 Wrath of Trog (weapon) {antimagic, *Rage Rampage}
   (You acquired it on level 7 of the Dungeon)

   It causes slowness and exhaustion when equipped.
   It extends the wielder's berserk rage when killing foes.
   *Rage:     It berserks you when you make melee attacks (+50% chance).
   Rampage:   It bestows one free step when moving towards enemies.
Missiles
 o - 11 boomerangs (quivered)
 u - 6 javelins
 B - 22 poisoned darts
Armour
 c - a +0 buckler
 k - a +2 pair of gloves (worn)
 x - a +4 ring mail
 z - a +0 pair of boots (worn)
 C - a +0 plate armour (worn)
Jewellery
 q - a ring of see invisible (left hand)
 t - an amulet of the acrobat (around neck)
 y - an amulet of faith
Wands
 j - a wand of charming (9)
 v - a wand of acid (8)
Scrolls
 f - 3 scrolls of blinking
 g - 4 scrolls of teleportation
 i - 2 scrolls of enchant weapon
 A - a scroll of fear
 D - a scroll of brand weapon {unknown}
Potions
 d - a potion of lignification
 e - 8 potions of curing
 h - a potion of heal wounds
 l - 3 potions of attraction
 m - 2 potions of berserk rage {unknown}
 n - 3 potions of mutation
 p - 2 potions of resistance {unknown}
 r - a potion of flight {unknown}
 s - 6 potions of brilliance
 w - a potion of haste {unknown}
 E - a potion of might


   Skills:
 + Level 7.4 Fighting
 * Level 9.6 Axes
 + Level 4.8 Throwing
 + Level 7.3 Armour
 - Level 6.7 Shields
 + Level 2.3 Invocations


You had 8 spell levels left.
You didn't know any spells.
Your spell library contained the following spells:

 Spells                   Type           Power      Damage    Failure   Level
 Magic Dart               Conj           0%         1d3       100%        1
 Mephitic Cloud           Conj/Pois/Air  0%         N/A       100%        3
 Volatile Blastmotes      Fire/Tloc      0%         2d10      100%        3
 Fulminant Prism          Conj/Hex       0%         3d5       100%        4
 Iskenderun's Mystic Bla  Conj/Tloc      0%         2d3       100%        4
 Lee's Rapid Deconstruct  Erth           0%         3d4*      100%        5
 Call Imp                 Summ           Unusable   N/A       N/A         2

Dungeon Overview and Level Annotations

Branches:
Dungeon (8/15)             Temple (1/1) D:7
   Lair: D:8-11

Altars:
Ashenzari
Cheibriados
Dithmenos
Elyvilon
Gozag
Hepliaklqana
Kikubaaqudgha
Makhleb
Okawaru
Qazlal
Sif Muna
Trog
Uskayaw
Vehumet
Wu Jian

Shops:
D:1 ([*(   D:5 *


Innate Abilities, Weirdness & Mutations

You have a pair of horns on your head.
You reflexively headbutt those who attack you in melee.


Message History

The wight hits you from afar with a +1 spear of freezing.
* * * LOW HITPOINT WARNING * * *
The wight freezes you.
* * * LOW HITPOINT WARNING * * *
The wight hits you with a +3 morningstar.
* * * LOW HITPOINT WARNING * * *
The wight hits you with a +2 hand axe of flaming.
* * * LOW HITPOINT WARNING * * *
You feel drained.
* * * LOW HITPOINT WARNING * * *
The wight burns you.
* * * LOW HITPOINT WARNING * * *
You hit the wight.
The wight is severely damaged.
You hit the wight.
The wight hits you but does no damage. x2
You hit the wight. You headbutt the wight.
You destroy the wight!
Okawaru accepts your kill.
You slash the wight!
You destroy the wight!
Okawaru accepts your kill. The wight barely misses you.
Your life force feels restored.
You rampage towards the wight!
Found a potion of heal wounds.
The wight hits you from afar with a +1 spear of freezing!
* * * LOW HITPOINT WARNING * * *
The wight freezes you.
* * * LOW HITPOINT WARNING * * *
A red film seems to cover your vision as you go berserk!
You feel yourself moving faster!
You feel mighty!
You slice the wight!!
You feel the ancient rage of your axe.
You destroy the wight!
Okawaru accepts your kill. The wight hits you but does no damage.
The wight completely misses you.
Things that are here:
a +4 short sword of freezing; a +0 robe You feel a strong urge to attack something.
The wight hits you with a +1 spear of freezing.
You die...

#.............##
...............##
................##
.................##
...................
...................
...................
.......).).....#...#
.......@..)........#
........z.......#..##
.......≈≈...≈≈......#
.......≈≈...≈≈......#
........≈.≈.≈....#..##
.........≈.≈.........#
.!......≈.≈.≈........##
........≈...≈.........##
.....≈.≈...........#


You could see a wight.

Vanquished Creatures
  A hornet (D:8)
  2 steam dragons
  Duvessa (D:4)
  2 water moccasins (D:5)
  An orc warrior (D:6)
  2 sky beasts
  A black bear (D:4)
  An ogre (D:5)
  A centaur (D:5)
  A phantom (D:4)
  A kobold brigand (D:7)
  2 bullfrogs
  2 scorpions
  3 wights (D:8)
  Dowan (D:4)
  A vampire bat (D:5)
  3 howler monkeys (D:8)
  A jelly (D:7)
  5 orc priests
  3 hounds
  A sleepcap (D:6)
  Ijyb (D:3)
  5 iguanas
  4 orc wizards
  Robin (D:2)
  7 adders
  A white imp (D:7)
  An ufetubus (D:5)
  A dart slug (D:3)
  3 fire bats (D:5)
  29 orcs
  2 spectral bats (D:5)
  5 ball pythons
  3 bat skeletons (D:5)
  A bat zombie (D:5)
  7 endoplasms
  5 giant cockroaches
  11 goblins
  13 hobgoblins
  4 jackals (D:1)
  3 quokkas
  10 bats
  A bat simulacrum (D:5)
  2 frilled lizards
  10 kobolds
  10 rats
176 creatures vanquished.

Vanquished Creatures (others)
  9 plants (D:6)
9 creatures vanquished.

Grand Total: 185 creatures vanquished

Notes
Turn   | Place    | Note
-------+----------+-------------------------------------------
     0 | D:1      | bmack86 the Minotaur Fighter began the quest for the Orb.
     0 | D:1      | Reached XP level 1. HP: 19/19 MP: 0/0
    25 | D:1      | You fall into a shaft and drop 1 floor!
    42 | D:2      | Noticed Robin
    50 | D:2      | Reached XP level 2. HP: 12/27 MP: 1/1
    52 | D:2      | Reached skill level 3 in Axes
    55 | D:2      | Killed Robin
    81 | D:1      | Reached XP level 3. HP: 17/33 MP: 2/2
    81 | D:1      | Found Atwuify's Armour Shop.
   242 | D:1      | Found Qiessoot's Weapon Emporium.
   470 | D:1      | Found Juqede Ilukk's Weapon Shop.
   511 | D:1      | Found Qykierao's Assorted Antiques.
   516 | D:1      | Bought a scroll labelled OLAOCOFF DU IPNI for 27 gold
                  | pieces
   516 | D:1      | Bought a scroll labelled DAOFUM SAETHA for 27 gold pieces
  1110 | D:2      | Reached XP level 4. HP: 32/40 MP: 3/3
  1316 | D:3      | Reached skill level 4 in Axes
  1327 | D:3      | Noticed Ijyb
  1375 | D:3      | Killed Ijyb
  1491 | D:3      | Reached XP level 5. HP: 37/47 MP: 4/4
  1631 | D:3      | Found a burning altar of Makhleb.
  1947 | D:4      | Found a white marble altar of Elyvilon.
  1990 | D:4      | Noticed Duvessa
  1991 | D:4      | Noticed Dowan
  1997 | D:4      | Reached skill level 1 in Throwing
  1998 | D:4      | Killed Duvessa
  1999 | D:4      | Reached skill level 5 in Axes
  1999 | D:4      | Reached XP level 6. HP: 52/55 MP: 5/5
  2013 | D:4      | Killed Dowan
  2250 | D:4      | Reached skill level 5 in Fighting
  2250 | D:4      | Reached skill level 5 in Armour
  2250 | D:4      | Reached skill level 5 in Shields
  2320 | D:4      | Reached XP level 7. HP: 61/61 MP: 6/6
  2682 | D:4      | Found a shimmering blue altar of Sif Muna.
  2710 | D:5      | Entered Level 5 of the Dungeon
  2715 | D:5      | Reached skill level 6 in Axes
  2733 | D:5      | Found Vihih's Elemental Accessories.
  3188 | D:5      | Found a shadowy altar of Dithmenos.
  3305 | D:5      | Reached skill level 7 in Axes
  3305 | D:5      | Reached XP level 8. HP: 49/70 MP: 7/7
  3517 | D:5      | Found a stormy altar of Qazlal.
  3744 | D:6      | Found an opulent altar of Gozag.
  4128 | D:6      | Reached skill level 8 in Axes
  4266 | D:6      | Found a hazy altar of Hepliaklqana.
  4486 | D:7      | Identified a scroll of acquirement
  4486 | D:7      | Acquired the +8 Wrath of Trog {antimagic, *Rage Rampage}
  4486 | D:7      | Found the +8 Wrath of Trog {antimagic, *Rage Rampage}
  4542 | D:7      | Found a radiant altar of Vehumet.
  4591 | D:7      | Found a staircase to the Ecumenical Temple.
  4602 | Temple   | Entered the Ecumenical Temple
  4621 | Temple   | Became a worshipper of Warmaster Okawaru
  4741 | D:7      | Reached skill level 1 in Invocations
  4741 | D:7      | Reached XP level 9. HP: 78/78 MP: 2/8
  4834 | D:7      | Found an ornate altar of the Wu Jian Council.
  4893 | D:7      | Found a bloodstained altar of Trog.
  5163 | D:8      | Reached skill level 9 in Axes
  5442 | D:8      | Reached * piety under Okawaru
  5536 | D:8      | Found a hide-covered altar of Uskayaw.
  5560 | D:8      | HP: 3/79 [wight/+1 spear of freezing (9)]
  5563 | D:8      | Slain by a wight

Illustrated notes

Levels and vault maps discovered:
D:1:      minmay_arrival_radiant_lines, layout_basic, serial_shops, shop, shop,
          shop_fountains, nicolae_shop_behind_doors, minmay_misc_feat_five
D:2:      layout_basic, uniq_robin
D:3:      layout_rooms, lemuel_crystal_altar, minmay_pentomino_pile, uniq_ijyb
D:4:      layout_basic, mainiacjoe_overflow_brackets,
          mainiacjoe_overflow_alcove_4, uniq_duvessa
D:5:      layout_basic, mainiacjoe_overflow_chevrons, grunt_dithmenos_smoke,
          nicolae_elemental_shop, kennysheep_path_1, goddamned_bats
D:6:      layout_loops_cross, nicolae_gozag_seed_capital,
          nicolae_hepliaklqana_hazy_memory, minivault_19
D:7:      layout_basic, lemuel_round_altar, lemuel_tele_altar,
          lemuel_doored_altar, minmay_temple_entry_arrows
D:8:      layout_layer_cave, nicolae_uskayaw_suspiria, nicolae_water_bricks
Temple:   chequers_temple_sunken

Skill      XL: |  1  2  3  4  5  6  7  8  9 |
---------------+----------------------------+-----
Axes           | 3 4 5 7 8 9 |  9.6
Shields        | 4 5 6 |  6.7
Fighting       | 4 5 6 7 |  7.4
Armour         | 4 5 6 7 |  7.3
Throwing       | 1 2 3 4 |  4.8
Invocations    | 1 2 |  2.3

Action                     |  1- 3 |  4- 6 |  7- 9 || total
---------------------------+-------+-------+-------++-------
  Melee: War axe           |    55 |    98 |   122 ||   275
         Headbutt          |     5 |    14 |    27 ||    46
         Battleaxe         |       |       |    48 ||    48
  Throw: Boomerang         |       |    25 |     4 ||    29
    Use: Potion            |     1 |     1 |       ||     2
         Scroll            |     8 |     3 |     9 ||    20
 Armour: Scale mail        |    20 |       |       ||    20
         Chain mail        |     6 |    67 |    26 ||    99
         Ring mail         |       |       |    47 ||    47
         Plate armour      |       |       |    35 ||    35
  Dodge: Dodged            |    24 |    50 |   147 ||   221
  Block: Buckler           |    24 |    20 |    39 ||    83

Table legend: (Time is in decaauts)
 A = Elapsed time spent in this place.
 B = Non-inter-level travel time spent in this place.
 C = Inter-level travel time spent in this place.
 D = Time resting spent in this place.
 E = Time spent auto-exploring this place.
 F = Levels seen in this place.
 G = Mean time per level.
                   A        B        C        D        E       F      G
               +--------+--------+--------+--------+--------+-----+--------+
         Total |   5748 |   5561 |    187 |    159 |   3670 |   9 |  638.7 |
       Dungeon |   5688 |   5501 |    187 |    159 |   3670 |   8 |  711.0 |
        Temple |     59 |     59 |      0 |      0 |      0 |   1 |   59.0 |
               +--------+--------+--------+--------+--------+-----+--------+

Top non-repeatable levels by time:
     D:5: 1048 daAuts
     D:4: 861 daAuts
     D:1: 817 daAuts
     D:6: 748 daAuts
     D:7: 678 daAuts
     D:3: 611 daAuts
     D:2: 478 daAuts
     D:8: 445 daAuts
  Temple: 59 daAuts
